 Dungeon Crawl Stone Soup version 0.27-a0-901-g8736458e1e (webtiles) character file.

Game seed: 15578431038843889298

180540 Rinklar the Geomancer (level 18, -4/110 HPs)
             Began as a Gargoyle Earth Elementalist on Apr 5, 2021.
             Was a High Priest of Vehumet.
             Slain by Asterion
             ... wielding a +2 broad axe of electrocution
              (6 damage)
             ... on level 2 of the Spider Nest on Apr 6, 2021.
             The game lasted 01:08:07 (27579 turns).

Rinklar the Geomancer (GrEE)                       Turns: 27579, Time: 01:08:07

Health: -4/110     AC: 33    Str: 12    XL:     18   Next: 27%
Magic:  22/44      EV: 14    Int: 24    God:    Vehumet [*****.]
Gold:   1823       SH:  0    Dex: 10    Spells: 12/43 levels left

rFire    . . .     SeeInvis +   R - +8 demon whip (elec)
rCold    + . .     Faith    .   (no shield)
rNeg     + . .     Spirit   .   M - +2 robe {rC+}
rPois    ∞         Reflect  .   O - +2 helmet
rElec    +         Harm     .   S - +2 cloak
rCorr    .         Rampage  .   W - +0 pair of gloves
Will     +....                  X - +2 pair of boots
Stlth    +.........             w - amulet of magic regeneration
HPRegen  1.28/turn              U - +4 ring of protection
MPRegen  0.54/turn              l - ring of magical power

@: on fire, flying, glowing
A: AC +13, big wings, negative energy resistance 1, electricity resistance,
torment resistance 1, unbreathing 1, petrification resistance, see invisible,
regeneration 1
a: Renounce Religion


You were on level 2 of the Spider Nest.
You worshipped Vehumet.
Vehumet was extremely pleased with you.
You visited 5 branches of the dungeon, and saw 26 of its levels.
You also visited: Bailey and Gauntlet.

You collected 2727 gold pieces.
You spent 904 gold pieces at shops.

Inventory:

Hand Weapons
 R - a +8 demon whip of electrocution (weapon)
 Y - the +4 flail of Hidocacs {freeze, rC+ rN+ Will++ SInv}
   (You found it on level 6 of the Lair of Beasts)

   It has been specially enchanted to freeze those struck by it, causing extra
   injury to most foes and up to half again as much damage against particularly
   susceptible opponents.
   It can also slow down cold-blooded creatures.
   It protects you from cold.
   It protects you from negative energy.
   It lets you see invisible.
   It greatly increases your willpower.
Missiles
 b - 499 stones
 j - 9 throwing nets
Armour
 E - a +2 robe of fire resistance
 M - a +2 robe of cold resistance (worn)
 O - a +2 helmet (worn)
 S - a +2 cloak (worn)
 W - a +0 pair of gloves (worn)
 X - a +2 pair of boots (worn)
Jewellery
 d - a ring of resist corrosion
 k - a ring of protection from cold
 l - a ring of magical power (right hand)
 o - the ring "Leguh" {*Corrode rElec Dex+8 SInv}
   (You took it off a minotaur in a Gauntlet)

   [ring of see invisible]

   It affects your dexterity (+8).
   It insulates you from electricity.
   It lets you see invisible.
   It may corrode you when you take damage.
 w - an amulet of magic regeneration (around neck)
 U - a +4 ring of protection (left hand)
Wands
 i - a wand of iceblast (23)
 A - a wand of mindburst (12)
 F - a wand of random effects (12)
 G - a wand of polymorph (9)
 P - a wand of paralysis (6)
 Q - a wand of flame (33)
 T - a wand of digging (8)
 Z - a wand of charming (19)
Scrolls
 a - a scroll of holy word
 m - 5 scrolls of immolation
 r - 5 scrolls of teleportation
 x - a scroll of brand weapon
 y - 4 scrolls of fog
 z - 4 scrolls of magic mapping
 C - 11 scrolls of identify
 D - 4 scrolls of amnesia
 H - a scroll of blinking
 L - a scroll of fear
Potions
 c - 4 potions of heal wounds
 e - a potion of mutation
 g - 4 potions of brilliance
 h - 10 potions of might
 p - 3 potions of magic
 s - 2 potions of berserk rage
 t - 5 potions of haste
 u - 2 potions of lignification
 v - 8 potions of curing
 B - 3 potions of resistance
 N - a potion of invisibility
Miscellaneous
 f - a box of beasts
 n - a phantom mirror
 q - a lightning rod (4/4)
 K - a phial of floods (inert)


   Skills:
 + Level 11.2 Fighting
 + Level 10.4 Maces & Flails
 - Level 6.0 Armour
 + Level 9.0 Dodging
 - Level 2.1 Stealth
 + Level 13.2 Spellcasting
 + Level 12.3 Conjurations
 - Level 0.7 Transmutations
 * Level 7.9 Fire Magic
 + Level 13.9 Earth Magic
 + Level 7.9 Evocations


You had 12 spell levels left.
You knew the following spells:

 Your Spells              Type           Power      Damage    Failure   Level
a - Sandblast             Erth           100%       2d20      0%          1
b - Stone Arrow           Conj/Erth      100%       3d13      1%          3
c - Lee's Rapid Deconstr  Erth           35%        3d19*     1%          5
d - Iron Shot             Conj/Erth      34%        9d7       1%          6
e - Bolt of Magma         Conj/Fire/Erth 31%        4d14      1%          5
f - Starburst             Conj/Fire      29%        8x6d9     2%          6
g - Irradiate             Conj/Tmut      23%        3d21      1%          5

Your spell library contained the following spells:

 Spells                   Type           Power      Damage    Failure   Level
 Eringya's Noxious Bog    Tmut/Pois      8%         N/A       75%         6
 Freeze                   Ice            60%        1d8       1%          1
 Magic Dart               Conj           100%       1d8       1%          1
 Shock                    Conj/Air       100%       1d9       1%          1
 Passwall                 Tmut/Erth      41%        N/A       1%          2
 Conjure Flame            Conj/Fire      59%        6-21      1%          3
 Mephitic Cloud           Conj/Pois/Air  35%        N/A       1%          3
 Static Discharge         Conj/Air       45%        N/A       1%          3
 Hailstorm                Conj/Ice       45%        3d10      1%          4
 Petrify                  Tmut/Erth      50%        N/A       1%          4
 Iskenderun's Battlesphe  Conj           66%        2d12      1%          5
 Lightning Bolt           Conj/Air       22%        1d38      2%          5
 Animate Skeleton         Necr           30%        N/A       3%          1
 Apportation              Tloc           30%        N/A       3%          1
 Corona                   Hex            16%        N/A       3%          1
 Pain                     Necr           60%        1d7       3%          1
 Summon Small Mammal      Summ           60%        N/A       3%          1
 Frozen Ramparts          Ice            30%        1d5       3%          3
 Orb of Destruction       Conj           33%        9d12      5%          7
 Blink                    Tloc           N/A        N/A       6%          2
 Call Imp                 Summ           15%        N/A       6%          2
 Slow                     Hex            15%        N/A       6%          2
 Swiftness                Air            15%        N/A       6%          2
 Airstrike                Air            7%         N/A       11%         4
 Call Canine Familiar     Summ           15%        N/A       12%         3
 Confusing Touch          Hex            15%        N/A       12%         3
 Gell's Gravitas          Tloc           7%         N/A       12%         3
 Ozocubu's Armour         Ice            15%        N/A       12%         3
 Summon Guardian Golem    Hex/Summ       15%        N/A       12%         3
 Vampiric Draining        Necr           7%         2d7       12%         3
 Yara's Violent Unravell  Hex/Tmut       8%         3d5       24%         5
 Animate Dead             Necr           7%         N/A       36%         4
 Summon Ice Beast         Ice/Summ       15%        N/A       36%         4
 Summon Lightning Spire   Summ/Air       15%        N/A       36%         4
 Spellforged Servitor     Conj/Summ      22%        N/A       52%         7
 Agony                    Necr           15%        N/A       71%         5
 Metabolic Englaciation   Hex/Ice        7%         N/A       71%         5
 Summon Forest            Summ/Tloc      7%         N/A       71%         5
 Summon Mana Viper        Hex/Summ       15%        N/A       71%         5
 Shadow Creatures         Summ           N/A        N/A       99%         6
 Summon Hydra             Summ           7%         N/A       100%        7


Dungeon Overview and Level Annotations

Branches:
Dungeon (15/15)            Temple (1/1) D:4            Lair (6/6) D:10
 Shoals (0/4) Lair:2       Spider (2/4) Lair:2        Slime (0/5) Lair:6
    Orc (2/2) D:12            Elf (0/3) Orc:2        Vaults (0/5) D:14
 Depths (0/5) D:15         Bailey (visited)         Gauntlet (visited)

Altars:
Ashenzari
Cheibriados
Dithmenos
Elyvilon
Fedhas
Gozag
Hepliaklqana
Kikubaaqudgha
Makhleb
Nemelex Xobeh
Okawaru
Qazlal
Ru
Sif Muna
Trog
Uskayaw
Vehumet
Wu Jian
Xom
Yredelemnul
Zin
The Shining One
Beogh

Shops:
D:5 =   D:8 [(*[?   D:12 [   D:14 (   Orc:2 ([:*

Annotations:
D:6 1 runed translucent door, alpinistek's ghost, novice DsFE
Spider:2 Asterion


Innate Abilities, Weirdness & Mutations

Your stone body is resilient. (AC +13)
You are immune to poison.
Your large and strong wings let you fly.
You resist negative energy. (rN+)
You are resistant to electric shocks. (rElec)
You are resistant to unholy torment.
You can survive without breathing.
You are immune to petrification.
You have supernaturally acute eyesight. (SInv)
Your natural rate of healing is unusually fast.


Message History

You are engulfed in flames!!
Asterion hits you but does no damage. Asterion gores you but does no damage.
You hear an angry hiss.
Casting: Iron Shot (dangerous; 1% risk of failure)
Confirm with . or Enter, or press ? or * to list all spells.
Aiming: Iron Shot (dangerous; 1% risk of failure)
Press: ? - help, Shift-Dir - straight line, f/p - Asterion
Aim: Asterion, wielding a +2 broad axe of electrocution, wearing a +0 leather armour and wearing a +0 kite shield (lightly wounded, 2% to evade) Asterion blocks the iron shot.
The balrug hits you but does no damage.
Asterion mumbles some strange prayers to Makhleb.
Asterion seems to speed up.
The balrug barely misses you.
You hear an angry hiss.
Casting: Iron Shot (dangerous; 1% risk of failure)
Confirm with . or Enter, or press ? or * to list all spells.
Aiming: Iron Shot (dangerous; 1% risk of failure)
Press: ? - help, Shift-Dir - straight line, f/p - Asterion
Aim: Asterion, wielding a +2 broad axe of electrocution, wearing a +0 leather armour and wearing a +0 kite shield (lightly wounded, fast, 2% to evade) Asterion blocks the iron shot.
Asterion hits you with a +2 broad axe of electrocution!!
Asterion barely misses you. The balrug gestures at you.
The sticky flame hits you but does no damage.
You are covered in liquid flames!
Casting: Iron Shot (dangerous; 1% risk of failure)
Confirm with . or Enter, or press ? or * to list all spells.
Aiming: Iron Shot (dangerous; 1% risk of failure)
Press: ? - help, Shift-Dir - straight line, f/p - Asterion
Aim: Asterion, wielding a +2 broad axe of electrocution, wearing a +0 leather armour and wearing a +0 kite shield (lightly wounded, fast, 2% to evade) Asterion blocks the iron shot.
You are covered in liquid flames!
Asterion conjures a destructive force in the name of Makhleb!
The fireball explodes!
The fireball engulfs you!!!
* * * LOW HITPOINT WARNING * * *
The fireball engulfs Asterion!
The fireball engulfs the balrug.
The balrug completely resists.
The balrug gestures at you. Makhleb smites you!
* * * LOW HITPOINT WARNING * * *
Asterion hits you with a +2 broad axe of electrocution.
You die...

#.# ##.# #.##..
#.#####.## #.##.†
#......## #.##..
##.......# #.##..
##.......^# ####..
#........## #.#..
##........#####.#..
#H#......##.#...#..
#@2...### #.......
.......#†#..#
##<..###.
........#..##
#....# ##
.##...###....
#.##.## # ####
##.##### ### ###


You could see Asterion (fast) and a balrug (summoned).

Vanquished Creatures
  Rupert (Orc:2)
  Jorgrun (D:12)
  Kirke (D:15)
  A frost giant (D:15)
  2 orc warlords
  An emperor scorpion (Spider:1)
  Nessos (D:13)
  A minotaur (Gauntlet)
  Azrael (D:15)
  A fire dragon (Lair:6)
  Josephine (Lair:5)
  A merfolk impaler (D:12)
  Harold (D:8)
  8 hydras
  A boulder beetle (D:14)
  A rakshasa (D:14)
  An ogre mage (D:15)
  2 centaur warriors
  A merfolk avatar (D:12)
  6 two-headed ogres
  9 death yaks
  A death scarab (Gauntlet)
  4 tengu warriors
  2 orc high priests (Orc:2)
  Urug (Orc:2)
  Nergalle (Orc:2)
  A swamp dragon (Lair:6)
  4 skeletal warriors
  An obsidian statue (Gauntlet)
  Pikel (D:8)
  A harpy (shapeshifter) (D:11)
  3 orb spiders (Spider:1)
  6 orc knights
  An orc sorcerer (Orc:2)
  3 ugly things
  3 wolf spiders (Spider:1)
  A cyclops (D:12)
  4 oklob plants (Lair:2)
  5 elephants (Lair:5)
  4 black mambas
  A merfolk siren (Lair:2)
  A moth of wrath (D:7)
  An eye of devastation (Gauntlet)
  9 cane toads
  A gargoyle (D:13)
  8 rime drakes
  4 demonic crawlers (Spider:1)
  A torpor snail (Lair:4)
  11 komodo dragons
  2 kobold demonologists (D:13)
  10 yaktaurs (D:15)
  3 meliai (D:12)
  4 jumping spiders
  4 trolls
  Grinder (D:3)
  10 polar bears
  3 merfolk (Lair:2)
  4 raiju (Lair:6)
  23 slime creatures
  10 blink frogs
  7 dream sheep (Lair:6)
  9 redbacks
  A shadow (D:11)
  4 wyverns
  3 tarantellas (Spider:1)
  7 wraiths
  2 fire elementals (D:15)
  A vampire (D:12)
  6 basilisks
  66 yaks
  4 hogs (D:15)
  2 golden eyes (Gauntlet)
  A spectral komodo dragon (Gauntlet)
  2 steam dragons
  11 vampire mosquitoes
  Edmund (D:5)
  Menkaure (D:5)
  9 wargs
  A naga (shapeshifter) (D:13)
  3 acid dragons
  10 water moccasins
  17 hell hounds
  28 orc warriors
  A swamp drake (Lair:6)
  12 black bears
  A necrophage (D:5)
  A sky beast (D:6)
  5 ogres
  35 wolves
  12 centaurs
  2 phantoms
  3 kobold brigands
  15 bullfrogs
  2 scorpions
  A gnoll sergeant (D:11)
  19 killer bees
  8 howler monkeys
  A vampire bat (Lair:6)
  7 wights
  3 electric eels
  12 centaur zombies
  A bullfrog zombie (D:7)
  2 gnoll shamans (D:6)
  A jelly (D:6)
  2 bullfrog skeletons
  22 orc priests
  2 centaur skeletons (D:7)
  2 hounds
  5 iguanas
  25 orc wizards
  A hound zombie (D:5)
  4 howler monkey zombies
  12 gnolls
  6 adders
  4 worms
  2 dart slugs
  56 orcs
  4 ball pythons
  An endoplasm (D:3)
  7 giant cockroaches
  9 goblins
  6 hobgoblins
  13 jackals
  25 kobolds
  5 quokkas
  7 bats (Lair:6)
  2 frilled lizards
  6 rats
769 creatures vanquished.

Vanquished Creatures (others)
  A human (D:15)
  24 demonic plants (Gauntlet)
  24 fungi
  105 plants
  A withered plant (Gauntlet)
155 creatures vanquished.

Grand Total: 924 creatures vanquished

Notes
Turn   | Place    | Note
-------+----------+-------------------------------------------
     0 | D:1      | Rinklar the Gargoyle Earth Elementalist began the quest for
                  | the Orb.
     0 | D:1      | Reached XP level 1. HP: 10/10 MP: 3/3
   140 | D:1      | Reached XP level 2. HP: 4/15 MP: 0/5
   983 | D:1      | Reached XP level 3. HP: 19/19 MP: 6/6
   987 | D:1      | Learned a level 3 spell: Stone Arrow
  2376 | D:3      | Reached skill level 1 in Conjurations
  2519 | D:3      | Gained mutation: You have a somewhat thin skeletal
                  | structure. (Dex +2, Stealth) [potion of mutation]
  2519 | D:3      | Gained mutation: You are covered in fur. (AC +1) [potion of
                  | mutation]
  2707 | D:3      | Reached XP level 4. HP: 24/24 MP: 8/8
  2795 | D:3      | Noticed Grinder
  2800 | D:3      | Paralysed by Grinder for 2 turns
  2814 | D:3      | Killed Grinder
  2815 | D:3      | Reached skill level 5 in Earth Magic
  2815 | D:3      | Reached XP level 5. HP: 3/28 MP: 0/10
  2815 | D:3      | Reached XP level 6. HP: 4/32 MP: 0/11
  3201 | D:3      | Learned a level 5 spell: Lee's Rapid Deconstruction
  3332 | D:3      | Found a faded altar of an unknown god.
  4324 | D:4      | Lost mutation: You have a somewhat thin skeletal structure.
                  | (Dex +2, Stealth) [potion of mutation]
  4324 | D:4      | Lost mutation: You are covered in fur. (AC +1) [potion of
                  | mutation]
  4324 | D:4      | Gained mutation: Your natural rate of healing is unusually
                  | fast. [potion of mutation]
  4324 | D:4      | Gained mutation: You have supernaturally acute eyesight.
                  | (SInv) [potion of mutation]
  4665 | D:4      | Found a hazy altar of Hepliaklqana.
  4678 | D:4      | Found a sacrificial altar of Ru.
  4732 | D:4      | Found a staircase to the Ecumenical Temple.
  4742 | Temple   | Entered the Ecumenical Temple
  4802 | Temple   | Became a worshipper of Vehumet
  5202 | D:5      | Entered Level 5 of the Dungeon
  5210 | D:5      | Reached XP level 7. HP: 36/36 MP: 13/13
  5284 | D:5      | Noticed Menkaure
  5289 | D:5      | Killed Menkaure
  5379 | D:5      | Noticed Edmund
  5386 | D:5      | Killed Edmund
  5494 | D:5      | Found a shadowy altar of Dithmenos.
  5555 | D:5      | Reached skill level 5 in Spellcasting
  5556 | D:5      | Reached skill level 5 in Conjurations
  5556 | D:5      | Reached XP level 8. HP: 40/41 MP: 10/15
  5842 | D:5      | Found Gicell's Jewellery Shop.
  6054 | D:6      | Reached skill level 1 in Fighting
  6054 | D:6      | Reached skill level 1 in Maces & Flails
  6202 | D:6      | Noticed a wyvern
  6207 | D:6      | Killed a wyvern
  6208 | D:6      | Reached skill level 1 in Armour
  6208 | D:6      | Reached skill level 1 in Evocations
  6419 | D:6      | Reached * piety under Vehumet
  6419 | D:6      | Offered knowledge of Foxfire by Vehumet.
  6449 | D:6      | Reached XP level 9. HP: 48/48 MP: 10/17
  6684 | D:6      | Found a runed translucent door.
  6684 | D:6      | Found a shimmering altar of Xom.
  6684 | D:6      | Noticed alpinistek's ghost (novice DsFE)
  6684 | D:6      | Noticed a +2 falchion of chaos
  7376 | D:7      | Noticed a moth of wrath
  7381 | D:7      | Killed a moth of wrath
  7384 | D:7      | Found a bloodstained altar of Trog.
  7662 | D:8      | Noticed Pikel
  7686 | D:8      | Killed Pikel
  7918 | D:8      | Found Bybrioso's Magic Scroll Emporium.
  7921 | D:8      | Bought a scroll of magic mapping for 49 gold pieces
  7921 | D:8      | Bought a scroll of magic mapping for 49 gold pieces
  7946 | D:8      | Reached XP level 10. HP: 54/56 MP: 19/19
  7974 | D:8      | Noticed Harold
  7982 | D:8      | Reached ** piety under Vehumet
  7986 | D:8      | Killed Harold
  7986 | D:8      | Offered knowledge of Magic Dart by Vehumet.
  7989 | D:8      | Noticed a two-headed ogre
  8003 | D:8      | Killed a two-headed ogre
  8095 | D:8      | Found Hiomom's Armour Boutique.
  8126 | D:8      | Found Leyteexu's Antique Weapon Boutique.
  8146 | D:8      | Found Zonigi's General Store.
  8175 | D:8      | Bought 2 potions of curing for 78 gold pieces
  8356 | D:8      | Found Demafam's Armour Emporium.
  8512 | D:9      | Noticed a two-headed ogre
  8521 | D:9      | Killed a two-headed ogre
  8704 | D:9      | Offered knowledge of Ignite Poison by Vehumet.
  8715 | D:9      | Reached skill level 5 in Fighting
  8719 | D:9      | Reached XP level 11. HP: 46/63 MP: 20/21
  8869 | D:9      | Reached *** piety under Vehumet
  8872 | D:9      | Reached skill level 5 in Armour
  8900 | D:9      | Found a blossoming altar of Fedhas.
  9328 | D:10     | Entered Level 10 of the Dungeon
  9353 | D:10     | Offered knowledge of Frozen Ramparts by Vehumet.
  9794 | D:10     | Found a basalt altar of Yredelemnul.
  9833 | D:10     | Reached skill level 5 in Maces & Flails
  9916 | D:10     | Reached skill level 10 in Earth Magic
 10087 | D:10     | Found a staircase to the Lair.
 10316 | D:11     | Found a flagged portal.
 10326 | Bailey   | Entered a bailey
 10331 | Bailey   | Noticed an orc warlord
 10556 | Bailey   | Noticed an orc knight
 10562 | Bailey   | Reached **** piety under Vehumet
 10566 | Bailey   | Killed an orc knight
 10599 | Bailey   | Found a runed translucent gate.
 10603 | Bailey   | Found a runed translucent gate.
 10604 | Bailey   | Found a runed translucent gate.
 10614 | Bailey   | Noticed an orc knight
 10624 | Bailey   | Killed an orc knight
 10625 | Bailey   | Reached skill level 5 in Dodging
 10898 | Bailey   | Killed an orc warlord
 10899 | Bailey   | Reached skill level 5 in Evocations
 11006 | D:11     | Reached XP level 12. HP: 66/68 MP: 23/23
 11007 | D:11     | Offered knowledge of Fulminant Prism by Vehumet.
 11698 | D:11     | Noticed a two-headed ogre
 11702 | D:11     | Killed a two-headed ogre
 12037 | D:12     | Noticed a two-headed ogre
 12050 | D:12     | Killed a two-headed ogre
 12309 | D:12     | Found a staircase to the Orcish Mines.
 12570 | D:12     | Noticed a six-headed hydra
 12574 | D:12     | Killed a six-headed hydra
 12632 | D:12     | Reached ***** piety under Vehumet
 12634 | D:12     | Noticed Jorgrun
 12649 | D:12     | Killed Jorgrun
 12772 | D:12     | Found a runed translucent door.
 12774 | D:12     | Found a runed translucent door.
 12775 | D:12     | Noticed a merfolk avatar
 12775 | D:12     | Noticed a merfolk impaler
 12777 | D:12     | Found a runed translucent door.
 12782 | D:12     | Killed a merfolk avatar
 12783 | D:12     | Reached XP level 13. HP: 78/78 MP: 10/25
 12788 | D:12     | Killed a merfolk impaler
 12915 | D:12     | Offered knowledge of Spellforged Servitor by Vehumet.
 13146 | D:12     | Found Ithrucac's Antique Armour Emporium.
 13743 | D:13     | Noticed Nessos
 13757 | D:13     | Killed Nessos
 14031 | D:13     | Reached skill level 10 in Conjurations
 14564 | D:8      | Bought a scroll of acquirement for 728 gold pieces
 14567 | D:8      | Acquired a +3 demon whip of electrocution
 15181 | D:14     | Found a gate to the Vaults.
 15285 | D:14     | Found Mahear's Antique Weapon Shop.
 15339 | D:14     | Noticed a rakshasa
 15349 | D:14     | Killed a rakshasa
 15696 | Lair:1   | Entered Level 1 of the Lair of Beasts
 15747 | Lair:1   | Gained mutation: Your large and strong wings let you fly.
                  | [Gargoyle growth]
 15747 | Lair:1   | Reached XP level 14. HP: 79/86 MP: 4/27
 16935 | Lair:2   | Found a staircase to the Shoals.
 17300 | Lair:2   | Found a hole to the Spider Nest.
 17420 | Lair:2   | Offered knowledge of Bolt of Magma by Vehumet.
 17439 | Lair:2   | Learned a level 5 spell: Bolt of Magma
 17863 | Lair:2   | Reached skill level 1 in Fire Magic
 18050 | Lair:3   | Reached skill level 10 in Spellcasting
 18337 | Lair:3   | Learned a level 6 spell: Iron Shot
 18474 | Lair:3   | Found a broken altar of Ashenzari.
 19159 | Lair:4   | Offered knowledge of Conjure Ball Lightning by Vehumet.
 19879 | Lair:5   | Noticed Josephine
 19886 | Lair:5   | Killed Josephine
 19887 | Lair:5   | Reached skill level 10 in Fighting
 20034 | Lair:5   | Reached XP level 15. HP: 71/92 MP: 29/29
 20034 | Lair:5   | Reached XP level 16. HP: 75/97 MP: 31/31
 20035 | Lair:5   | Reached XP level 17. HP: 81/102 MP: 33/33
 20432 | Lair:5   | Identified the +1 ring mail of Duxtof {rF++ Str-5 Dex+7}
 20993 | Lair:6   | Entered Level 6 of the Lair of Beasts
 21339 | Lair:6   | Offered knowledge of Starburst by Vehumet.
 21360 | Lair:6   | Learned a level 6 spell: Starburst
 21394 | Lair:6   | Reached skill level 5 in Fire Magic
 21868 | Lair:6   | Identified the +4 flail of Hidocacs {freeze, rC+ rN+ Will++
                  | SInv}
 22367 | Lair:6   | Found a staircase to the Slime Pits.
 22889 | Orc:1    | Entered Level 1 of the Orcish Mines
 23076 | Orc:2    | Entered Level 2 of the Orcish Mines
 23128 | Orc:2    | Noticed Rupert
 23137 | Orc:2    | Killed Rupert
 23175 | Orc:2    | Found a gate leading to a gauntlet.
 23184 | Gauntlet | Entered a Gauntlet
 23184 | Gauntlet | Found a transporter.
 23218 | Gauntlet | Found a transporter.
 23233 | Gauntlet | Found a transporter.
 23238 | Gauntlet | Found a transporter.
 23254 | Gauntlet | Found a transporter.
 23270 | Gauntlet | Found a transporter.
 23285 | Gauntlet | Found a transporter.
 23297 | Gauntlet | Found a transporter.
 23309 | Gauntlet | Found a transporter.
 23315 | Gauntlet | Found a transporter.
 23315 | Gauntlet | Found a transporter.
 23330 | Gauntlet | Found a transporter.
 23347 | Gauntlet | Found a transporter.
 23367 | Gauntlet | Found a transporter.
 23392 | Gauntlet | Found a transporter.
 23394 | Gauntlet | Found a transporter.
 23414 | Gauntlet | Found a transporter.
 23492 | Gauntlet | Found a transporter.
 23698 | Gauntlet | Noticed a golden dragon
 23698 | Gauntlet | an iron dragon changed into a golden dragon
 23702 | Gauntlet | Noticed a caustic shrike
 23702 | Gauntlet | a golden dragon changed into a caustic shrike
 23704 | Gauntlet | a caustic shrike changed into an iron dragon
 23744 | Gauntlet | Identified the +1 helmet "Ragacig" {-Tele Harm Will-
                  | Regen+}
 23759 | Gauntlet | Identified the ring "Leguh" {*Corrode rElec Dex+8 SInv}
 23828 | Orc:2    | Offered knowledge of Irradiate by Vehumet.
 23829 | Orc:2    | Reached skill level 10 in Maces & Flails
 24112 | Orc:2    | Noticed Urug
 24138 | Orc:2    | Killed Urug
 24254 | Orc:2    | Noticed Nergalle
 24266 | Orc:2    | Killed Nergalle
 24270 | Orc:2    | Found Omaymink's Antique Armour Emporium.
 24291 | Orc:2    | Found Noih's Antique Weapon Emporium.
 24323 | Orc:2    | Found Nas Ogh's General Store.
 24360 | Orc:2    | Found Deele's Book Emporium.
 24562 | Orc:2    | Found a staircase to the Elven Halls.
 25486 | D:15     | Entered Level 15 of the Dungeon
 25763 | D:15     | Noticed Kirke
 25779 | D:15     | Killed Kirke
 25923 | D:15     | Reached XP level 18. HP: 110/110 MP: 31/35
 26265 | D:15     | Found a staircase to the Depths.
 26338 | D:15     | Noticed Azrael
 26352 | D:15     | Killed Azrael
 26449 | D:15     | Upgraded the game from 0.27-a0-890-ged2907cb04 to
                  | 0.27-a0-901-g8736458e1e
 26647 | Spider:1 | Entered Level 1 of the Spider Nest
 26657 | Spider:1 | Learned a level 5 spell: Irradiate
 26665 | Spider:1 | Reached ****** piety under Vehumet
 26665 | Spider:1 | Offered knowledge of Eringya's Noxious Bog by Vehumet.
 27572 | Spider:2 | Noticed Asterion
 27579 | Spider:2 | HP: 2/110 [balrug/divine providence[Asterion] (13)]
 27579 | Spider:2 | Slain by Asterion

Illustrated notes

Levels and vault maps discovered:
D:1:      dpeg_arrival_signposts, layout_loops_corners
D:2:      layout_basic, minivault_25
D:3:      layout_basic, basic_ecumenical_altar, minmay_tree_intersection,
          uniq_grinder
D:4:      layout_basic, minitemple, temple_green
D:5:      layout_loops_ring, nicolae_dithmenos_shadow_blocks, serial_shops,
          kennysheep_little_box, grunt_decor_cap, abandoned_shop, uniq_edmund,
          uniq_menkaure
D:6:      layout_gridville, serial_glass, glass_columns_a, glass_columns_a,
          ebering_ghost_xom
D:7:      layout_cave_pods, tgw_trog
D:8:      layout_rooms, serial_shops, kennysheep_mini_moat, shop, shop,
          nicolae_shop_stone, nicolae_shop_temple_entry_statues_fountains,
          uniq_harold, uniq_pikel
D:9:      layout_rooms, fedhas_altar_fruit_tree
D:10:     layout_basic, nicolae_yredelemnul_corpse_copse, david_lair_shrubbed
D:11:     layout_loops_corners, enter_bailey_6
D:12:     layout_loops_ring, david_orc_1_choice, serial_shops,
          nicolae_shop_trees, mikee_hates_you, uniq_jorgrun
D:13:     layout_loops_ring, uniq_nessos
D:14:     layout_cross, serial_shops, kennysheep_mini
D:15:     grunt_enter_depths_snipers, layout_irregular_city, uniq_kirke,
          uniq_azrael
Temple:   compressed_dpeg_circular_temple
Lair:1:   layout_hall_layers
Lair:2:   layout_gridlike, elwin_shoals_entry_stream,
          spider_nest_entry_web_field, serial_bayou_shore_b, grunt_megastairs_1,
          minmay_lair_oklob_chamber, infiniplex_staircase_pool_2
Lair:3:   layout_gridlike, minivault_27, lemuel_centaur_altar
Lair:4:   layout_cave_pods
Lair:5:   layout_cave_pods, uniq_josephine
Lair:6:   guppyfry_lair_end_dragon, layout_loops_ring,
          hangedman_lair_caniforms_friends, slime_dummy,
          nicolae_lair_grove_arrangements, serial_bayou_pond_b, roderic_batcave,
          serial_bayou_lagoon_b
Spider:1: layout_spider_delve
Spider:2: layout_chambers, uniq_asterion, uniq_louise, uniq_arachne
Orc:1:    layout_caves, basic_altar
Orc:2:    grunt_orc_cross, layout_caves, gauntlet_entry_generic, uniq_rupert,
          uniq_urug

Skill      XL: |  1  2  3  4  5  6  7  8  9 10 11 12 13 14 15 16 17 18 |
---------------+-------------------------------------------------------+-----
Earth Magic    | 4 5 6 7 8 9 10 11 12 13 | 13.9
Conjurations   | 1 3 5 6 7 8 9 10 11 12 | 12.3
Spellcasting   | 3 4 5 6 7 8 9 10 11 12 13 | 13.2
Fighting       | 2 3 5 6 7 9 10 11 | 11.2
Maces & Flails | 1 3 4 5 7 8 9 10 | 10.4
Armour         | 1 3 4 6 |  6.0
Dodging        | 2 3 4 5 6 7 8 9 |  9.0
Evocations     | 1 2 3 5 6 7 |  7.9
Fire Magic     | 3 7 |  7.9
Stealth        | |  2.1
Transmutations | |  0.7

Action                   |  1- 3 |  4- 6 |  7- 9 | 10-12 | 13-15 | 16-18 || total
-------------------------+-------+-------+-------+-------+-------+-------++-------
Melee: Quarterstaff      |    95 |   111 |    54 |       |       |       ||   260
       Flail             |       |       |   159 |   360 |    85 |       ||   604
       Demon whip        |       |       |       |       |   338 |   584 ||   922
 Cast: Sandblast         |     7 |    17 |    32 |    18 |    29 |     1 ||   104
       Stone Arrow       |       |       |    21 |   106 |   133 |       ||   260
       Lee's Rapid Decon |       |       |     8 |    54 |    78 |    39 ||   179
       Bolt of Magma     |       |       |       |       |    23 |    55 ||    78
       Iron Shot         |       |       |       |       |     6 |    71 ||    77
       Starburst         |       |       |       |       |       |     3 ||     3
       Irradiate         |       |       |       |       |       |     3 ||     3
Evoke: Wand              |       |     2 |       |    14 |       |     8 ||    24
       Phial of floods   |       |       |       |     1 |     1 |     2 ||     4
       Phantom mirror    |       |       |       |       |     1 |       ||     1
  Use: Scroll            |     4 |     3 |     4 |    14 |    16 |     1 ||    42
       Potion            |     1 |     2 |     1 |     3 |     4 |     5 ||    16
 Stab: Sleeping          |     8 |     2 |     2 |     2 |     2 |     1 ||    17
       Confused          |       |       |       |       |       |     1 ||     1
       Distracted        |       |       |       |       |       |     1 ||     1
Armor: Robe              |    32 |    54 |   166 |   407 |   193 |   479 ||  1331
Dodge: Dodged            |    74 |   100 |   185 |   436 |   382 |   559 ||  1736

Table legend: (Time is in decaauts)
 A = Elapsed time spent in this place.
 B = Non-inter-level travel time spent in this place.
 C = Inter-level travel time spent in this place.
 D = Time resting spent in this place.
 E = Time spent auto-exploring this place.
 F = Levels seen in this place.
 G = Mean time per level.
                   A        B        C        D        E       F      G
               +--------+--------+--------+--------+--------+-----+--------+
         Total |  27442 |  25861 |   1581 |   2268 |  18144 |  28 |  980.1 |
       Dungeon |  16275 |  15257 |   1018 |   1175 |  11086 |  15 | 1085.0 |
        Temple |    135 |     98 |     37 |      0 |     84 |   1 |  135.0 |
          Lair |   6958 |   6625 |    333 |    662 |   4631 |   6 | 1159.7 |
   Spider Nest |    914 |    886 |     28 |      0 |    746 |   2 |  457.0 |
  Orcish Mines |   1863 |   1699 |    164 |    221 |   1037 |   2 |  931.5 |
        Bailey |    672 |    672 |      0 |    180 |    231 |   1 |  672.0 |
      Gauntlet |    622 |    622 |      0 |     30 |    329 |   1 |  622.0 |
               +--------+--------+--------+--------+--------+-----+--------+

Top non-repeatable levels by time:
    D:12: 1695 daAuts
     D:3: 1643 daAuts
  Lair:6: 1629 daAuts
   Orc:2: 1418 daAuts
     D:1: 1402 daAuts
  Lair:2: 1387 daAuts
    D:13: 1284 daAuts
    D:10: 1177 daAuts
     D:4: 1141 daAuts
  Lair:5: 1117 daAuts
     D:9: 1012 daAuts
    D:11: 999 daAuts
  Lair:4: 995 daAuts
    D:15: 958 daAuts
     D:2: 938 daAuts
